 Seeded DCSS version 0.28-a0-691-gad6df49e81 (webtiles) character file.

Game seed: 20211021 (custom seed)

655 a11behringer the Cudgeller (level 7, -8/57 HPs)
             Began as a Palentonga Berserker on Oct 21, 2021.
             Was a Believer of Trog.
             Mangled by an ogre (11 damage)
             ... on level 4 of the Dungeon.
             The game lasted 00:13:03 (2595 turns).

a11behringer the Cudgeller (Palentonga Berserker)   Turns: 2595, Time: 00:13:03

Health: -8/57      AC: 19    Str: 21    XL:     7   Next: 29%
Magic:  7/7        EV:  6    Int:  7    God:    Trog [**....]
Gold:   372        SH:  5    Dex: 11    Spells: 6/6 levels left

rFire   . . .      SeeInvis +   a - +0 mace
rCold   . . .      Faith    .   (no shield)
rNeg    . . .      Spirit   .   l - +0 scale mail
rPois   .          Reflect  +   (no helmet)
rElec   .          Harm     .   d - +0 cloak
rCorr   .          Rampage  .   (no gloves)
Will    .....                   j - +0 barding
Stlth   ..........              c - amulet of reflection
HPRegen 0.19/turn               (no ring)
MPRegen 0.10/turn               (no ring)

@: on berserk cooldown, slowed, curled up, very slow
A: large, rugged brown scales 3, see invisible, deformed body, roll 1, armoured
tail, reflexive curl
a: Rolling Charge, Renounce Religion, Berserk, Trog's Hand


You were on level 4 of the Dungeon.
You worshipped Trog.
Trog was pleased with you.
You visited 1 branch of the dungeon, and saw 4 of its levels.

You collected 372 gold pieces.

Inventory:

Hand Weapons
 a - a +0 mace (weapon)
Missiles
 f - 36 bolts
 o - 23 arrows
Armour
 b - a +0 animal skin
 d - a +0 cloak (worn)
 j - a +0 barding (worn)
 l - a +0 scale mail (worn)
 p - a scarf of repulsion
Jewellery
 c - an amulet of reflection (around neck)
Wands
 r - a wand of flame (23)
Scrolls
 g - 2 scrolls of identify {unknown}
 h - 2 scrolls of teleportation
 i - a scroll of immolation {unknown}
 n - a scroll of blinking {unknown}
 q - a scroll of silence {unknown}
 s - a scroll of fog {unknown}
 t - 2 scrolls of vulnerability {unknown}
 u - a scroll of magic mapping {unknown}
 v - a scroll of enchant weapon {unknown}
Potions
 e - 2 potions of attraction {unknown}
 k - 2 potions of lignification {unknown}
 m - a potion of haste {unknown}
 w - a potion of brilliance {unknown}


   Skills:
 + Level 4.1 Fighting
 * Level 6.9 Maces & Flails
 + Level 2.5 Armour
 + Level 2.5 Dodging
 + Level 1.3 Shields


You had 6 spell levels left.
You didn't know any spells.
Your spell library was empty.

Dungeon Overview and Level Annotations

Branches:
Dungeon (4/15)
 Temple: D:4-7

Altars:
Elyvilon
Fedhas

Shops:
D:1 ?

Annotations:
D:3 1 transporter


Innate Abilities, Weirdness & Mutations

You are completely covered in rugged brown scales. (AC +3, +7% HP)
You have supernaturally acute eyesight. (SInv)
Armour fits poorly on your strangely shaped body.
You can roll at nearby foes to attack.
You have a long armoured tail.
You curl defensively after being hit.


Message History

Things that are here:
a +0 dagger; 4 gold pieces You feel the effects of Trog's Hand fading.
The ogre hits you with a +0 giant spiked club!!
You barely miss the ogre.
Your tail-slap misses the ogre.
The orc hits you with a +0 club. The ogre closely misses you.
The orc hits you but does no damage.
You hit the ogre but do no damage. The ogre hits you but does no damage.
The orc hits you but does no damage.
You hit the ogre but do no damage. The orc hits you but does no damage.
The ogre hits you with a +0 giant spiked club!
You block the orc's attack.
You hit the ogre but do no damage.
Your skin stops crawling.
You feel less strong-willed. The ogre hits you but does no damage.
The orc hits you but does no damage.
The ogre hits you with a +0 giant spiked club!!
* * * LOW HITPOINT WARNING * * *
You block the orc's attack.
You barely miss the ogre. The orc barely misses you.
The ogre hits you with a +0 giant spiked club.
* * * LOW HITPOINT WARNING * * *
You hit the ogre.
The ogre is lightly wounded.
The orc barely misses you.
The ogre hits you with a +0 giant spiked club!
* * * LOW HITPOINT WARNING * * *
You block the orc's attack.
You barely miss the ogre.
The ogre is lightly wounded.
The ogre barely misses you. The orc hits you with a +0 club.
* * * LOW HITPOINT WARNING * * *
You hit the ogre.
The ogre is lightly wounded.
The orc hits you but does no damage. The ogre closely misses you.
The orc barely misses you. The ogre barely misses you.
You hit the ogre but do no damage. You tail-slap the ogre!
The ogre is moderately wounded.
The orc hits you but does no damage.
The ogre hits you with a +0 giant spiked club!
You die...

#.....))..#.##......
#.....)...#)###....#
#.........#.# ######
###.....#'#'####....
###.###..†...##...
####'# #......##...
#..†.###......###.#
##.oO$.##......# #.#
#..@$...#......# #.#
#..$....#......###..
#.!.$...########...#
##.$.$.##....##...##
#....##...........#
#######............
##.............
#.......<......
....##.....)....#


You could see an ogre and an orc.

Vanquished Creatures
  Sigmund (D:2)
  An ogre (D:4)
  2 phantoms (D:4)
  A scorpion (D:4)
  2 hounds (D:4)
  8 adders
  An adder skeleton (D:4)
  2 worms
  An orc (D:4)
  7 ball pythons
  5 bats
  2 endoplasms
  2 giant cockroaches
  6 goblins
  5 hobgoblins
  4 jackals
  5 kobolds
  2 quokkas (D:4)
  5 frilled lizards
  A quokka skeleton (D:4)
  5 rats
68 creatures vanquished.

Vanquished Creatures (others)
  3 plants (D:2)
3 creatures vanquished.

Grand Total: 71 creatures vanquished

Notes
Turn   | Place    | Note
-------+----------+-------------------------------------------
     0 | D:1      | a11behringer the Palentonga Berserker began the quest for
                  | the Orb.
     0 | D:1      | Reached XP level 1. HP: 19/19 MP: 1/1
   279 | D:1      | Reached XP level 2. HP: 25/25 MP: 2/2
   283 | D:1      | Found Gecead's Magic Scroll Emporium.
   741 | D:2      | Reached XP level 3. HP: 31/31 MP: 3/3
   831 | D:2      | Reached skill level 4 in Maces & Flails
   839 | D:2      | Reached ** piety under Trog
   852 | D:2      | Noticed Sigmund
   881 | D:2      | Found a faded altar of an unknown god.
  1168 | D:2      | Killed Sigmund
  1169 | D:2      | Reached skill level 5 in Maces & Flails
  1169 | D:2      | Reached XP level 4. HP: 39/39 MP: 4/4
  1169 | D:2      | Reached XP level 5. HP: 44/44 MP: 5/5
  1469 | D:3      | Found a blossoming altar of Fedhas.
  1536 | D:3      | Found a white marble altar of Elyvilon.
  1544 | D:3      | Found a transporter.
  1602 | D:3      | Found a transporter.
  2052 | D:4      | Noticed an ogre
  2058 | D:4      | Killed an ogre
  2059 | D:4      | Reached XP level 6. HP: 23/51 MP: 6/6
  2060 | D:4      | Reached skill level 6 in Maces & Flails
  2429 | D:4      | Reached skill level 1 in Shields
  2481 | D:4      | Gained mutation: You curl defensively after being hit.
                  | [Palentonga growth]
  2481 | D:4      | Reached XP level 7. HP: 57/57 MP: 7/7
  2595 | D:4      | Mangled by an ogre

Illustrated notes

Levels and vault maps discovered:
D:1:      denvon_arrival_waterhouse, layout_rooms, serial_shops, shop_statue,
          minmay_misc_feat_roman
D:2:      layout_loops_ring, hellmonk_ecumenical_altar_lost_god,
          serial_bayou_lagoon_a, uniq_sigmund
D:3:      gammafunk_wand_slinger, layout_rooms, general_overflow_altar,
          lemuel_doored_altar
D:4:      minmay_polygon_palace, layout_rooms

Skill      XL: |  1  2  3  4  5  6 |
---------------+-------------------+-----
Maces & Flails | 5 6 |  6.9
Dodging        | 2 |  2.5
Armour         | 2 |  2.5
Shields        | 1 |  1.3
Fighting       | 4 |  4.1

Action                   |  1- 3 |  4- 6 |  7- 9 || total
-------------------------+-------+-------+-------++-------
Melee: Mace              |    76 |   101 |    45 ||   222
       Tailslap          |     4 |     8 |     7 ||    19
Invok: Berserk           |     1 |     2 |     1 ||     4
       Trog's Hand       |     1 |     2 |     1 ||     4
 Abil: Rolling Charge    |     1 |     2 |       ||     3
  Use: Scroll            |     1 |     1 |       ||     2
Armor: Animal skin       |    33 |       |       ||    33
       Scale mail        |       |    58 |    37 ||    95
Dodge: Dodged            |    45 |    38 |    14 ||    97
Block: Other             |    14 |    34 |    16 ||    64

Table legend: (Time is in decaauts)
 A = Elapsed time spent in this place.
 B = Non-inter-level travel time spent in this place.
 C = Inter-level travel time spent in this place.
 D = Time resting spent in this place.
 E = Time spent auto-exploring this place.
 F = Levels seen in this place.
 G = Mean time per level.
                   A        B        C        D        E       F      G
               +--------+--------+--------+--------+--------+-----+--------+
         Total |   2659 |   2174 |    485 |      0 |   1538 |   4 |  664.8 |
       Dungeon |   2659 |   2174 |    485 |      0 |   1538 |   4 |  664.8 |
               +--------+--------+--------+--------+--------+-----+--------+

Top non-repeatable levels by time:
     D:2: 722 daAuts
     D:1: 721 daAuts
     D:3: 647 daAuts
     D:4: 566 daAuts
